[ AOE2 MATCH · #482909439 ]
Team RMKhmer vs Chinese
[ REPLAY ANALYSIS · EXTRACTED FROM THE RECORDED GAME ]
Feudal
11:37
Castle
16:12
Imperial
35:31
| APM avg | 30.6 |
| APM peak | 91 |
| eAPM avg | 21.9 |
| Villagers / military | 499 / 558 |
Focus
⚔️ 35.6% · 🌾 64.4%
Scout Cavalry ×177 · Archer ×129 · Skirmisher ×115 · Spearman ×99 · Battering Ram ×29 · Knight ×4
Feudal
10:59
Castle
16:39
Imperial
39:32
| APM avg | 26.5 |
| APM peak | 77 |
| eAPM avg | 12.9 |
| Villagers / military | 165 / 575 |
Focus
⚔️ 39.0% · 🌾 61.0%
Scout Cavalry ×241 · Spearman ×147 · Genoese Crossbowman ×127 · Bombard Cannon ×26 · Hand Cannoneer ×18 · Knight ×9
Feudal
12:07
Castle
19:08
Imperial
26:42
| APM avg | 32.6 |
| APM peak | 110 |
| eAPM avg | 22.0 |
| Villagers / military | 119 / 1165 |
Focus
⚔️ 56.9% · 🌾 43.1%
Scout Cavalry ×527 · Mangudai ×199 · Scorpion ×177 · Steppe Lancer ×170 · Battering Ram ×41 · Trade Cart ×31
Feudal
11:47
Castle
19:38
Imperial
37:51
| APM avg | 32.2 |
| APM peak | 80 |
| eAPM avg | 24.5 |
| Villagers / military | 340 / 2442 |
Focus
⚔️ 45.8% · 🌾 54.2%
Spearman ×1410 · Scout Cavalry ×699 · Boyar ×277 · Trebuchet (Packed) ×27 · Knight ×17 · Petard ×7
Feudal
11:04
Castle
26:40
Imperial
47:04
| APM avg | 24.6 |
| APM peak | 53 |
| eAPM avg | 13.4 |
| Villagers / military | 94 / 620 |
Focus
⚔️ 50.0% · 🌾 50.0%
Spearman ×392 · Kipchak ×94 · Militia ×83 · Battering Ram ×48 · Trade Cart ×30 · Unknown (1260) ×15
Feudal
12:37
Castle
17:27
Imperial
31:06
| APM avg | 36.5 |
| APM peak | 96 |
| eAPM avg | 10.5 |
| Villagers / military | 155 / 615 |
Focus
⚔️ 30.4% · 🌾 69.6%
Knight ×608 · Trebuchet (Packed) ×7
Feudal
12:54
Castle
16:52
Imperial
32:49
| APM avg | 30.0 |
| APM peak | 79 |
| eAPM avg | 26.1 |
| Villagers / military | 157 / 1226 |
Focus
⚔️ 64.0% · 🌾 36.0%
Spearman ×1021 · Scout Cavalry ×65 · Militia ×35 · Chu Ko Nu ×32 · Knight ×27 · Iron Pagoda ×26
Feudal
11:25
Castle
16:37
Imperial
41:12
| APM avg | 44.7 |
| APM peak | 113 |
| eAPM avg | 26.9 |
| Villagers / military | 278 / 1097 |
Focus
⚔️ 44.7% · 🌾 55.3%
Berserk ×405 · Skirmisher ×369 · Spearman ×303 · Archer ×9 · Trebuchet (Packed) ×7 · Monk ×2
Match map
Initial resources + every placement click. Lines = walls · curves = elevation contours. ◆ gold · ⬟ stone · ● berries · ✦ relic · ◌ wall gap
Your base· ✓ Closed at 16:12 · 0t walls · 2 gate(s)
SNES's base· ✓ Closed at 16:39 · 0t walls · 3 gate(s)
Shido Khan's base· ✓ Closed at 19:08 · 0t walls · 2 gate(s)
X's base· ✓ Closed at 19:38 · 0t walls · 3 gate(s)
leocancer8767's base· ✓ Closed at 26:40 · 0t walls · 2 gate(s)
Wala's base· ✓ Closed at 17:27 · 0t walls · 2 gate(s)
Templario_123_1's base· ✓ Closed at 16:52 · 0t walls · 3 gate(s)
L's base· ✓ Closed at 16:37 · 0t walls · 3 gate(s)
Smoothed initial terrain · ◌ = detected wall gap · hover for details
Inputs per minute
— Aldo- - - SNES
Build order — Aldo-
First 150 of 1464 actions detected
| 0:01 | Create | Villager (Male) |
| 0:01 | Create | Villager (Male) |
| 0:01 | Create | Villager (Male) |
| 0:06 | Build | House |
| 0:14 | Build | House |
| 1:20 | Create | Villager (Male) |
| 1:20 | Create | Villager (Male) |
| 1:55 | Create | Villager (Male) |
| 2:06 | Create | Villager (Male) |
| 2:06 | Create | Villager (Male) |
| 2:35 | Create | Villager (Male) |
| 2:35 | Create | Villager (Male) |
| 2:54 | Create | Villager (Male) |
| 2:55 | Create | Villager (Male) |
| 3:13 | Create | Villager (Male) |
| 3:13 | Create | Villager (Male) |
| 3:59 | Create | Villager (Male) |
| 4:10 | Create | Villager (Male) |
| 4:11 | Create | Villager (Male) |
| 4:11 | Create | Villager (Male) |
| 4:24 | Create | Villager (Male) |
| 4:25 | Create | Villager (Male) |
| 4:40 | Research | Loom |
| 4:46 | Build | House |
| 5:49 | Create | Villager (Male) |
| 5:49 | Create | Villager (Male) |
| 5:50 | Create | Villager (Male) |
| 5:50 | Create | Villager (Male) |
| 5:50 | Create | Villager (Male) |
| 6:06 | Build | Mining Camp |
| 6:41 | Build | House |
| 7:54 | Build | Mining Camp |
| 7:58 | Create | Villager (Male) |
| 7:58 | Create | Villager (Male) |
| 8:32 | Create | Villager (Male) |
| 9:22 | Build | Mill |
| 9:27 | Research | Feudal Age |
| 10:23 | Build | House |
| 10:58 | Build | Lumber Camp |
| 11:37 | Age | Feudal Age |
| 11:40 | Create | Villager (Male) |
| 12:05 | Create | Villager (Male) |
| 12:20 | Build | Farm |
| 12:31 | Create | Villager (Male) |
| 12:58 | Create | Villager (Male) |
| 13:32 | Research | Castle Age |
| 13:33 | Research | Castle Age |
| 13:50 | Build | Farm |
| 14:13 | Build | Farm |
| 14:47 | Build | Lumber Camp |
| 15:40 | Create | Villager (Male) |
| 15:56 | Research | Stone Mining |
| 16:12 | Age | Castle Age |
| 16:57 | Build | Castle |
| 17:03 | Create | Villager (Male) |
| 17:09 | Build | Farm |
| 17:32 | Create | Villager (Male) |
| 17:32 | Create | Villager (Male) |
| 17:38 | Build | Farm |
| 18:09 | Build | Siege Workshop |
| 18:12 | Create | Ballista Elephant |
| 18:13 | Create | Ballista Elephant |
| 18:26 | Build | Farm |
| 18:40 | Build | Farm |
| 18:41 | Build | Farm |
| 18:43 | Build | Farm |
| 19:09 | Create | Villager (Male) |
| 19:10 | Create | Villager (Male) |
| 19:28 | Create | Villager (Male) |
| 19:28 | Create | Villager (Male) |
| 19:41 | Create | Mangonel |
| 19:52 | Build | Farm |
| 19:52 | Build | Farm |
| 19:53 | Build | Farm |
| 19:53 | Build | Farm |
| 19:53 | Build | Farm |
| 20:11 | Create | Villager (Male) |
| 20:11 | Create | Villager (Male) |
| 20:15 | Build | Farm |
| 20:15 | Build | Farm |
| 20:16 | Build | Farm |
| 21:20 | Build | Stable |
| 21:39 | Build | Farm |
| 21:41 | Build | Farm |
| 21:43 | Create | Villager (Male) |
| 21:44 | Create | Villager (Male) |
| 21:44 | Create | Villager (Male) |
| 22:03 | Create | Villager (Male) |
| 22:04 | Create | Villager (Male) |
| 22:17 | Create | Villager (Male) |
| 22:23 | Build | Farm |
| 22:23 | Build | Farm |
| 22:24 | Build | Farm |
| 22:24 | Build | Farm |
| 22:52 | Create | Villager (Male) |
| 22:55 | Create | Villager (Male) |
| 22:56 | Create | Villager (Male) |
| 23:04 | Build | Farm |
| 23:05 | Build | Farm |
| 23:05 | Build | Farm |
| 23:05 | Build | Farm |
| 23:06 | Build | Farm |
| 23:10 | Create | Knight |
| 23:10 | Create | Knight |
| 23:24 | Create | Villager (Male) |
| 23:55 | Build | Farm |
| 23:56 | Build | Farm |
| 24:03 | Build | Farm |
| 24:17 | Create | Villager (Male) |
| 24:27 | Create | Villager (Male) |
| 24:28 | Create | Villager (Male) |
| 24:29 | Create | Villager (Male) |
| 24:31 | Create | Villager (Male) |
| 24:39 | Research | Double-Bit Axe |
| 24:39 | Research | Double-Bit Axe |
| 25:17 | Create | Villager (Male) |
| 25:19 | Create | Villager (Male) |
| 25:29 | Build | Town Center |
| 25:36 | Create | Knight |
| 25:43 | Create | Scout Cavalry |
| 25:43 | Create | Scout Cavalry |
| 25:44 | Create | Scout Cavalry |
| 25:44 | Create | Scout Cavalry |
| 25:44 | Create | Scout Cavalry |
| 25:44 | Create | Scout Cavalry |
| 26:15 | Create | Villager (Male) |
| 26:25 | Create | Villager (Male) |
| 26:28 | Create | Villager (Male) |
| 26:43 | Create | Villager (Male) |
| 26:54 | Create | Villager (Male) |
| 26:57 | Create | Villager (Male) |
| 27:00 | Create | Villager (Male) |
| 27:00 | Create | Villager (Male) |
| 27:00 | Create | Villager (Male) |
| 27:05 | Create | Villager (Male) |
| 27:05 | Create | Villager (Male) |
| 27:14 | Build | Town Center |
| 27:18 | Create | Villager (Male) |
| 27:19 | Create | Villager (Male) |
| 27:29 | Research | Light Cavalry (upgrade) |
| 27:31 | Research | Bloodlines |
| 27:37 | Create | Scout Cavalry |
| 27:37 | Create | Scout Cavalry |
| 27:53 | Build | Blacksmith |
| 28:10 | Build | House |
| 28:10 | Build | House |
| 28:11 | Build | House |
| 28:11 | Build | House |
| 28:11 | Build | House |
| 28:12 | Build | House |
Build order — SNES
First 150 of 716 actions detected
| 0:02 | Create | Villager (Male) |
| 0:02 | Create | Villager (Male) |
| 0:02 | Create | Villager (Male) |
| 0:05 | Build | House |
| 0:06 | Build | House |
| 0:19 | Create | Villager (Male) |
| 0:20 | Create | Villager (Male) |
| 0:46 | Build | House |
| 0:48 | Build | House |
| 1:37 | Create | Villager (Male) |
| 1:39 | Research | Loom |
| 1:55 | Build | Lumber Camp |
| 2:27 | Create | Villager (Male) |
| 2:46 | Create | Villager (Male) |
| 2:46 | Create | Villager (Male) |
| 3:33 | Create | Villager (Male) |
| 3:34 | Create | Villager (Male) |
| 4:02 | Create | Villager (Male) |
| 4:02 | Create | Villager (Male) |
| 4:42 | Create | Villager (Male) |
| 4:43 | Create | Villager (Male) |
| 4:43 | Create | Villager (Male) |
| 5:10 | Create | Villager (Male) |
| 5:10 | Create | Villager (Male) |
| 5:19 | Build | Mill |
| 6:17 | Create | Villager (Male) |
| 6:17 | Create | Villager (Male) |
| 6:44 | Create | Villager (Male) |
| 6:44 | Create | Villager (Male) |
| 6:44 | Create | Villager (Male) |
| 6:44 | Create | Villager (Male) |
| 6:45 | Create | Villager (Male) |
| 8:17 | Create | Villager (Male) |
| 8:48 | Research | Feudal Age |
| 9:04 | Build | Barracks |
| 9:05 | Build | House |
| 9:07 | Build | House |
| 9:09 | Build | House |
| 10:03 | Create | Villager (Male) |
| 10:03 | Create | Villager (Male) |
| 10:59 | Age | Feudal Age |
| 11:02 | Build | Mining Camp |
| 11:20 | Build | Blacksmith |
| 11:27 | Build | Stable |
| 11:47 | Create | Villager (Male) |
| 13:38 | Build | House |
| 13:59 | Research | Castle Age |
| 14:18 | Build | Mill |
| 14:25 | Build | House |
| 14:27 | Build | House |
| 15:01 | Research | Double-Bit Axe |
| 15:48 | Build | Lumber Camp |
| 16:00 | Build | Mining Camp |
| 16:25 | Research | Stone Mining |
| 16:39 | Age | Castle Age |
| 16:48 | Create | Knight |
| 16:48 | Create | Knight |
| 16:59 | Create | Villager (Male) |
| 17:00 | Create | Villager (Male) |
| 17:00 | Create | Villager (Male) |
| 17:01 | Create | Villager (Male) |
| 17:37 | Research | Gold Mining |
| 17:50 | Create | Knight |
| 18:43 | Create | Villager (Male) |
| 18:44 | Create | Villager (Male) |
| 19:13 | Create | Villager (Male) |
| 19:13 | Create | Villager (Male) |
| 19:42 | Create | Villager (Male) |
| 19:42 | Create | Villager (Male) |
| 20:25 | Create | Villager (Male) |
| 20:26 | Create | Villager (Male) |
| 20:26 | Create | Villager (Male) |
| 21:11 | Build | Farm |
| 21:19 | Build | Farm |
| 22:03 | Build | Farm |
| 22:09 | Build | Farm |
| 22:45 | Build | Castle |
| 22:55 | Build | Farm |
| 22:59 | Build | Farm |
| 23:02 | Build | Farm |
| 23:04 | Build | Farm |
| 23:05 | Create | Villager (Male) |
| 23:05 | Create | Villager (Male) |
| 23:05 | Create | Villager (Male) |
| 23:06 | Create | Villager (Male) |
| 23:10 | Build | Farm |
| 23:23 | Create | Villager (Male) |
| 24:16 | Create | Genoese Crossbowman |
| 24:16 | Create | Genoese Crossbowman |
| 24:17 | Create | Genoese Crossbowman |
| 24:17 | Create | Genoese Crossbowman |
| 24:17 | Create | Genoese Crossbowman |
| 24:17 | Create | Genoese Crossbowman |
| 24:18 | Create | Genoese Crossbowman |
| 24:26 | Build | Farm |
| 24:34 | Build | Farm |
| 24:35 | Create | Villager (Male) |
| 24:39 | Research | Fletching |
| 24:56 | Research | Horse Collar |
| 25:03 | Build | Farm |
| 25:15 | Build | Archery Range |
| 25:17 | Build | Archery Range |
| 25:28 | Create | Villager (Male) |
| 25:29 | Create | Villager (Male) |
| 25:32 | Build | Farm |
| 26:21 | Create | Genoese Crossbowman |
| 26:21 | Create | Genoese Crossbowman |
| 26:53 | Create | Genoese Crossbowman |
| 26:53 | Create | Genoese Crossbowman |
| 26:54 | Create | Genoese Crossbowman |
| 27:55 | Research | Bow Saw |
| 28:05 | Create | Genoese Crossbowman |
| 28:05 | Create | Genoese Crossbowman |
| 28:12 | Research | Wheelbarrow |
| 28:17 | Build | Farm |
| 28:19 | Build | Farm |
| 28:32 | Build | Mining Camp |
| 28:42 | Create | Genoese Crossbowman |
| 28:52 | Create | Villager (Male) |
| 29:18 | Research | Stone Shaft Mining |
| 29:30 | Research | Hand Cart |
| 30:23 | Research | Thumb Ring |
| 30:39 | Build | Farm |
| 30:51 | Build | Town Center |
| 31:11 | Build | Market |
| 31:28 | Research | Bodkin Arrow |
| 31:29 | Research | Padded Archer Armor |
| 31:40 | Create | Villager (Male) |
| 31:41 | Create | Villager (Male) |
| 31:42 | Create | Villager (Male) |
| 31:43 | Create | Villager (Male) |
| 32:17 | Build | Town Center |
| 32:32 | Research | Heavy Plow |
| 32:37 | Create | Villager (Male) |
| 32:38 | Create | Villager (Male) |
| 32:41 | Build | Farm |
| 33:09 | Create | Villager (Male) |
| 33:10 | Create | Villager (Male) |
| 33:10 | Create | Villager (Male) |
| 33:10 | Create | Villager (Male) |
| 33:10 | Create | Villager (Male) |
| 33:11 | Create | Villager (Male) |
| 33:21 | Create | Villager (Male) |
| 33:22 | Create | Villager (Male) |
| 33:22 | Create | Villager (Male) |
| 33:22 | Create | Villager (Male) |
| 33:25 | Build | Farm |
| 34:10 | Build | Farm |
| 34:20 | Build | Farm |
| 34:28 | Create | Villager (Male) |
Build order — Shido Khan
First 150 of 811 actions detected
| 0:02 | Create | Villager (Male) ×4 |
| 0:04 | Build | House |
| 0:04 | Build | House |
| 0:06 | Build | House |
| 0:08 | Build | House |
| 1:01 | Build | Lumber Camp |
| 1:05 | Research | Loom |
| 2:02 | Create | Villager (Male) |
| 2:02 | Create | Villager (Male) |
| 2:30 | Create | Villager (Male) |
| 2:30 | Create | Villager (Male) |
| 3:00 | Create | Villager (Male) |
| 3:00 | Create | Villager (Male) |
| 3:41 | Create | Villager (Male) ×2 |
| 4:15 | Create | Villager (Male) ×3 |
| 4:40 | Create | Villager (Male) |
| 4:41 | Create | Villager (Male) |
| 5:11 | Build | Mill |
| 5:44 | Create | Villager (Male) |
| 6:24 | Create | Villager (Male) |
| 6:47 | Build | House |
| 6:54 | Build | House |
| 6:56 | Create | Villager (Male) |
| 7:24 | Create | Villager (Male) |
| 7:29 | Build | Mining Camp |
| 7:52 | Create | Villager (Male) |
| 8:04 | Create | Villager (Male) |
| 8:09 | Build | Mining Camp |
| 8:37 | Create | Villager (Male) |
| 8:52 | Create | Villager (Male) |
| 9:17 | Create | Villager (Male) |
| 9:36 | Create | Villager (Male) |
| 9:45 | Research | Feudal Age |
| 9:45 | Research | Feudal Age |
| 9:45 | Research | Feudal Age |
| 9:59 | Build | Barracks |
| 10:15 | Build | Lumber Camp |
| 11:04 | Build | House |
| 12:07 | Age | Feudal Age |
| 12:07 | Create | Villager (Male) |
| 12:13 | Build | Blacksmith |
| 12:22 | Build | Market |
| 12:24 | Create | Villager (Male) |
| 12:46 | Create | Villager (Male) |
| 13:09 | Create | Villager (Male) |
| 13:25 | Build | Farm |
| 13:27 | Build | Farm |
| 13:29 | Build | Farm |
| 13:32 | Build | Farm |
| 13:40 | Create | Villager (Male) |
| 13:46 | Build | Farm |
| 13:49 | Build | Farm |
| 13:51 | Create | Villager (Male) |
| 14:38 | Create | Villager (Male) |
| 15:00 | Create | Villager (Male) |
| 15:33 | Create | Villager (Male) |
| 16:00 | Build | Farm |
| 16:00 | Create | Villager (Male) |
| 16:16 | Build | Stable |
| 16:25 | Build | Stable |
| 16:28 | Research | Castle Age |
| 16:30 | Build | Farm |
| 16:30 | Build | Farm |
| 16:31 | Build | Farm |
| 16:31 | Build | Farm |
| 16:31 | Build | Farm |
| 16:32 | Build | Farm |
| 16:37 | Build | Farm |
| 16:58 | Build | Farm |
| 17:12 | Research | Double-Bit Axe |
| 17:13 | Research | Double-Bit Axe |
| 17:33 | Research | Horse Collar |
| 17:52 | Build | House |
| 19:01 | Create | Villager (Male) |
| 19:08 | Age | Castle Age |
| 19:12 | Build | Monastery |
| 19:35 | Create | Villager (Male) |
| 19:37 | Create | Monk |
| 19:57 | Build | Castle |
| 20:00 | Create | Villager (Male) |
| 20:09 | Build | Mining Camp |
| 20:19 | Build | Town Center |
| 20:22 | Create | Villager (Male) |
| 20:29 | Create | Villager (Male) |
| 20:32 | Create | Monk |
| 21:15 | Build | Town Center |
| 21:18 | Create | Villager (Male) |
| 21:20 | Create | Villager (Male) |
| 21:27 | Build | House |
| 21:28 | Build | House |
| 21:40 | Build | Mining Camp |
| 22:00 | Build | Lumber Camp |
| 22:09 | Create | Villager (Male) |
| 22:33 | Create | Villager (Male) |
| 22:54 | Build | Farm |
| 22:58 | Create | Villager (Male) |
| 22:59 | Create | Villager (Male) |
| 23:02 | Build | Farm |
| 23:07 | Create | Villager (Male) |
| 23:20 | Research | Imperial Age |
| 23:20 | Research | Imperial Age |
| 23:24 | Create | Villager (Male) |
| 23:24 | Create | Villager (Male) |
| 23:25 | Create | Villager (Male) |
| 23:28 | Research | Imperial Age |
| 23:28 | Research | Imperial Age |
| 23:37 | Create | Villager (Male) |
| 23:37 | Create | Villager (Male) |
| 23:40 | Create | Villager (Male) |
| 23:40 | Create | Villager (Male) |
| 23:41 | Create | Villager (Male) |
| 23:43 | Build | Lumber Camp |
| 23:48 | Create | Villager (Male) |
| 23:49 | Create | Villager (Male) |
| 24:00 | Create | Villager (Male) |
| 24:01 | Create | Villager (Male) |
| 24:07 | Build | Farm |
| 24:07 | Build | Farm |
| 24:07 | Build | Farm |
| 24:07 | Build | Farm |
| 24:09 | Build | Farm |
| 24:10 | Create | Villager (Male) |
| 24:10 | Create | Villager (Male) |
| 24:25 | Create | Villager (Male) |
| 24:25 | Create | Villager (Male) |
| 24:33 | Build | Farm |
| 24:34 | Build | Farm |
| 24:40 | Build | Farm |
| 24:47 | Create | Villager (Male) |
| 24:49 | Create | Villager (Male) |
| 24:56 | Create | Mangudai ×4 |
| 24:57 | Create | Mangudai ×4 |
| 24:57 | Create | Mangudai |
| 24:57 | Create | Mangudai |
| 25:04 | Build | Castle |
| 25:18 | Research | Fervor |
| 25:29 | Create | Villager (Male) ×5 |
| 25:34 | Create | Villager (Male) |
| 25:36 | Build | Farm |
| 25:53 | Research | Heavy Plow |
| 25:59 | Build | Farm |
| 26:08 | Create | Villager (Male) |
| 26:39 | Build | University |
| 26:42 | Create | Mangudai |
| 26:42 | Create | Mangudai |
| 26:42 | Create | Mangudai |
| 26:42 | Age | Imperial Age |
| 26:47 | Create | Trebuchet (Packed) |
| 26:48 | Create | Trebuchet (Packed) |
| 26:48 | Create | Trebuchet (Packed) |
Build order — X
First 150 of 1573 actions detected
| 0:06 | Build | House |
| 0:09 | Build | House |
| 0:33 | Create | Villager (Male) |
| 0:33 | Create | Villager (Male) |
| 0:33 | Create | Villager (Male) |
| 0:33 | Create | Villager (Male) |
| 1:16 | Build | Mill |
| 1:40 | Research | Loom |
| 1:55 | Create | Villager (Male) |
| 1:55 | Create | Villager (Male) |
| 2:39 | Create | Villager (Male) |
| 2:57 | Create | Villager (Male) |
| 2:57 | Create | Villager (Male) |
| 3:40 | Create | Villager (Male) |
| 3:40 | Create | Villager (Male) |
| 3:40 | Create | Villager (Male) |
| 4:21 | Create | Villager (Male) |
| 4:22 | Create | Villager (Male) |
| 4:22 | Create | Villager (Male) |
| 4:29 | Build | House |
| 4:32 | Build | House |
| 5:22 | Create | Villager (Male) |
| 5:22 | Create | Villager (Male) |
| 5:22 | Create | Villager (Male) |
| 5:43 | Create | Villager (Male) |
| 5:44 | Create | Villager (Male) |
| 6:10 | Build | Lumber Camp |
| 6:23 | Create | Villager (Male) |
| 6:23 | Create | Villager (Male) |
| 6:24 | Create | Villager (Male) |
| 6:59 | Create | Villager (Male) |
| 7:00 | Create | Villager (Male) |
| 8:06 | Create | Villager (Male) |
| 8:06 | Create | Villager (Male) |
| 8:06 | Create | Villager (Male) |
| 8:12 | Create | Villager (Male) |
| 8:12 | Create | Villager (Male) |
| 8:20 | Build | Farm |
| 8:24 | Build | Farm |
| 8:44 | Build | House |
| 9:09 | Create | Villager (Male) |
| 9:23 | Build | House |
| 9:37 | Research | Feudal Age |
| 9:57 | Build | House |
| 9:58 | Build | House |
| 9:59 | Build | House |
| 9:59 | Build | House |
| 9:59 | Build | House |
| 9:59 | Build | House |
| 11:07 | Create | Villager (Male) |
| 11:08 | Create | Villager (Male) |
| 11:08 | Create | Villager (Male) |
| 11:08 | Create | Villager (Male) |
| 11:08 | Create | Villager (Male) |
| 11:09 | Create | Villager (Male) |
| 11:09 | Create | Villager (Male) |
| 11:47 | Age | Feudal Age |
| 11:48 | Build | Mining Camp |
| 11:53 | Research | Horse Collar |
| 11:57 | Research | Double-Bit Axe |
| 12:18 | Build | Farm |
| 12:18 | Build | Farm |
| 12:39 | Research | Wheelbarrow |
| 14:00 | Build | Market |
| 14:05 | Build | Blacksmith |
| 14:15 | Create | Villager (Male) |
| 14:16 | Create | Villager (Male) |
| 14:16 | Create | Villager (Male) |
| 14:16 | Create | Villager (Male) |
| 14:33 | Build | Farm |
| 14:37 | Build | Farm |
| 14:41 | Build | Farm |
| 15:18 | Build | Farm |
| 15:20 | Build | Farm |
| 15:54 | Build | Farm |
| 15:55 | Build | Farm |
| 16:01 | Build | Farm |
| 16:10 | Research | Gold Mining |
| 16:39 | Build | Farm |
| 16:45 | Build | Farm |
| 16:51 | Build | Farm |
| 16:58 | Research | Castle Age |
| 17:20 | Build | Farm |
| 17:20 | Build | Farm |
| 17:21 | Build | Farm |
| 17:23 | Build | Farm |
| 18:48 | Build | Lumber Camp |
| 19:38 | Age | Castle Age |
| 19:43 | Build | Town Center |
| 19:54 | Research | Hand Cart |
| 20:20 | Build | Barracks |
| 20:23 | Research | Scale Barding Armor |
| 20:26 | Research | Forging |
| 20:26 | Research | Scale Mail Armor |
| 20:38 | Create | Villager (Male) |
| 20:39 | Create | Villager (Male) |
| 20:39 | Create | Villager (Male) |
| 20:39 | Create | Villager (Male) |
| 20:49 | Create | Villager (Male) |
| 20:49 | Create | Villager (Male) |
| 20:49 | Create | Villager (Male) |
| 20:49 | Create | Villager (Male) |
| 20:50 | Create | Villager (Male) |
| 21:28 | Build | Stable |
| 21:43 | Research | Bow Saw |
| 22:10 | Create | Villager (Male) |
| 22:10 | Create | Villager (Male) |
| 22:11 | Create | Villager (Male) |
| 22:15 | Create | Villager (Male) |
| 22:15 | Create | Villager (Male) |
| 22:16 | Create | Villager (Male) |
| 22:22 | Build | Lumber Camp |
| 22:27 | Create | Knight |
| 22:27 | Create | Knight |
| 22:27 | Create | Knight |
| 22:27 | Create | Knight |
| 22:27 | Create | Knight |
| 22:28 | Create | Knight |
| 22:36 | Build | Stable |
| 22:46 | Research | Squires |
| 22:51 | Create | Villager (Male) |
| 22:51 | Create | Villager (Male) |
| 22:51 | Create | Villager (Male) |
| 23:22 | Build | Town Center |
| 23:28 | Create | Villager (Male) |
| 23:28 | Create | Villager (Male) |
| 23:29 | Create | Villager (Male) |
| 23:29 | Create | Villager (Male) |
| 23:29 | Create | Villager (Male) |
| 23:56 | Research | Husbandry |
| 24:01 | Create | Spearman |
| 24:01 | Create | Spearman |
| 24:19 | Create | Villager (Male) |
| 24:19 | Create | Villager (Male) |
| 24:20 | Create | Villager (Male) |
| 24:26 | Build | Farm |
| 24:26 | Build | Farm |
| 24:26 | Build | Farm |
| 24:27 | Build | Farm |
| 24:27 | Build | Farm |
| 24:27 | Build | Farm |
| 24:27 | Build | Farm |
| 24:28 | Build | Farm |
| 24:28 | Build | Farm |
| 24:28 | Build | Farm |
| 24:28 | Build | Farm |
| 24:29 | Build | Farm |
| 24:29 | Build | Farm |
| 24:29 | Build | Farm |
| 24:29 | Build | Farm |
Build order — leocancer8767
First 150 of 487 actions detected
| 0:01 | Create | Villager (Male) |
| 0:01 | Create | Villager (Male) |
| 0:01 | Create | Villager (Male) |
| 0:02 | Create | Villager (Male) |
| 0:05 | Build | House |
| 0:07 | Build | House |
| 1:38 | Create | Villager (Male) |
| 2:06 | Create | Villager (Male) |
| 2:23 | Create | Villager (Male) |
| 2:51 | Create | Villager (Male) |
| 3:06 | Create | Villager (Male) |
| 3:35 | Create | Villager (Male) |
| 3:58 | Build | House |
| 4:15 | Create | Villager (Male) |
| 4:15 | Create | Villager (Male) |
| 4:19 | Create | Villager (Male) |
| 4:19 | Create | Villager (Male) |
| 4:27 | Build | Lumber Camp |
| 4:42 | Build | Mill |
| 5:05 | Create | Villager (Male) |
| 5:06 | Create | Villager (Male) |
| 5:30 | Create | Villager (Male) |
| 5:43 | Create | Villager (Male) |
| 6:12 | Create | Villager (Male) |
| 6:28 | Build | House |
| 7:13 | Create | Villager (Male) |
| 7:36 | Create | Villager (Male) |
| 7:38 | Build | Mining Camp |
| 7:42 | Create | Villager (Male) |
| 8:03 | Create | Villager (Male) |
| 8:33 | Research | Feudal Age |
| 10:57 | Build | House |
| 11:04 | Age | Feudal Age |
| 11:09 | Create | Villager (Male) |
| 11:10 | Research | Double-Bit Axe |
| 11:11 | Research | Horse Collar |
| 11:19 | Create | Villager (Male) |
| 11:42 | Build | Barracks |
| 11:46 | Build | Blacksmith |
| 11:52 | Build | Farm |
| 12:02 | Create | Villager (Male) |
| 12:11 | Build | Farm |
| 12:35 | Create | Villager (Male) |
| 12:53 | Create | Villager (Male) |
| 13:03 | Build | Farm |
| 13:05 | Build | Farm |
| 13:13 | Create | Villager (Male) |
| 13:22 | Build | House |
| 13:27 | Build | House |
| 13:45 | Create | Militia |
| 13:48 | Build | Farm |
| 13:50 | Build | Farm |
| 13:52 | Build | Farm |
| 13:54 | Build | Farm |
| 13:56 | Build | Farm |
| 13:57 | Build | Farm |
| 14:13 | Build | House |
| 14:17 | Create | Villager (Male) |
| 14:29 | Build | Farm |
| 14:33 | Build | Farm |
| 14:39 | Create | Villager (Male) |
| 14:41 | Create | Militia |
| 14:48 | Build | House |
| 15:16 | Build | Siege Workshop |
| 15:18 | Create | Militia |
| 15:39 | Create | Villager (Male) |
| 15:44 | Create | Militia |
| 15:53 | Build | Barracks |
| 16:03 | Create | Villager (Male) |
| 16:06 | Build | House |
| 16:14 | Create | Militia |
| 16:25 | Create | Battering Ram |
| 16:30 | Build | House |
| 16:32 | Create | Villager (Male) |
| 16:36 | Create | Militia |
| 16:51 | Research | Man-at-Arms (upgrade) |
| 16:53 | Research | Scale Mail Armor |
| 16:58 | Create | Battering Ram |
| 17:12 | Create | Villager (Male) |
| 17:16 | Create | Militia |
| 17:19 | Research | Arson |
| 17:24 | Create | Battering Ram |
| 17:35 | Create | Militia |
| 17:37 | Create | Militia |
| 17:40 | Research | Forging |
| 17:43 | Create | Villager (Male) |
| 17:58 | Create | Militia |
| 17:59 | Create | Militia |
| 18:14 | Create | Militia |
| 18:14 | Create | Militia |
| 18:25 | Create | Militia |
| 18:46 | Create | Battering Ram |
| 18:54 | Build | Farm |
| 18:57 | Build | Farm |
| 19:03 | Create | Militia |
| 19:03 | Create | Militia |
| 19:06 | Create | Battering Ram |
| 20:02 | Create | Battering Ram |
| 20:08 | Create | Militia |
| 20:09 | Create | Militia |
| 20:09 | Create | Militia |
| 20:51 | Create | Militia |
| 20:51 | Create | Militia |
| 21:15 | Create | Battering Ram |
| 21:23 | Build | House |
| 21:24 | Build | House |
| 23:26 | Create | Battering Ram |
| 23:30 | Create | Militia |
| 23:30 | Create | Militia |
| 23:31 | Create | Militia |
| 23:31 | Create | Militia |
| 24:00 | Research | Castle Age |
| 25:18 | Build | Town Center |
| 26:25 | Research | Wheelbarrow |
| 26:40 | Age | Castle Age |
| 28:05 | Create | Villager (Male) |
| 28:05 | Create | Villager (Male) |
| 28:13 | Build | Town Center |
| 28:16 | Create | Villager (Male) |
| 28:16 | Create | Villager (Male) |
| 28:17 | Create | Villager (Male) |
| 28:20 | Research | Capped Ram (upgrade) |
| 28:20 | Research | Capped Ram (upgrade) |
| 28:23 | Research | Squires |
| 28:25 | Research | Long Swordsman (upgrade) |
| 28:27 | Research | Chain Mail Armor |
| 28:33 | Build | Lumber Camp |
| 28:36 | Research | Bow Saw |
| 28:37 | Research | Heavy Plow |
| 29:12 | Create | Villager (Male) |
| 29:13 | Create | Villager (Male) |
| 29:20 | Build | Farm |
| 29:21 | Build | Farm |
| 29:21 | Build | Farm |
| 29:21 | Build | Farm |
| 29:21 | Build | Farm |
| 29:22 | Build | Farm |
| 29:22 | Build | Farm |
| 29:22 | Build | Farm |
| 29:29 | Build | Farm |
| 29:38 | Create | Villager (Male) |
| 29:38 | Create | Villager (Male) |
| 29:41 | Build | Farm |
| 29:41 | Build | Farm |
| 29:41 | Build | Farm |
| 29:41 | Build | Farm |
| 29:42 | Build | Farm |
| 29:42 | Build | Farm |
| 29:42 | Build | Farm |
| 29:50 | Build | Farm |
Build order — Wala
First 150 of 429 actions detected
| 0:01 | Create | Villager (Male) |
| 0:01 | Create | Villager (Male) |
| 0:01 | Create | Villager (Male) |
| 0:03 | Build | House |
| 0:04 | Build | House |
| 0:25 | Create | Villager (Male) |
| 1:26 | Create | Villager (Male) |
| 2:22 | Create | Villager (Male) |
| 3:09 | Create | Villager (Male) |
| 3:10 | Create | Villager (Male) |
| 3:38 | Create | Villager (Male) |
| 3:38 | Create | Villager (Male) |
| 4:32 | Create | Villager (Male) |
| 4:51 | Create | Villager (Male) |
| 5:26 | Create | Villager (Male) |
| 5:26 | Create | Villager (Male) |
| 5:26 | Create | Villager (Male) |
| 5:30 | Build | House |
| 6:40 | Create | Villager (Male) |
| 6:41 | Create | Villager (Male) |
| 6:41 | Create | Villager (Male) |
| 6:50 | Create | Villager (Male) |
| 6:56 | Build | Lumber Camp |
| 7:02 | Build | House |
| 7:13 | Create | Villager (Male) |
| 7:13 | Create | Villager (Male) |
| 7:28 | Create | Villager (Male) |
| 7:29 | Create | Villager (Male) |
| 7:36 | Build | House |
| 7:44 | Create | Villager (Male) |
| 7:59 | Create | Villager (Male) |
| 7:59 | Create | Villager (Male) |
| 8:45 | Build | Mill |
| 9:29 | Build | House |
| 10:11 | Build | Mining Camp |
| 10:21 | Research | Feudal Age |
| 10:31 | Build | Farm |
| 10:31 | Build | Farm |
| 10:31 | Build | Farm |
| 10:32 | Build | Farm |
| 10:43 | Create | Villager (Male) |
| 10:53 | Build | House |
| 11:53 | Create | Villager (Male) |
| 12:37 | Age | Feudal Age |
| 12:39 | Build | Blacksmith |
| 12:43 | Build | Market |
| 12:46 | Create | Villager (Male) |
| 13:40 | Create | Villager (Male) |
| 13:40 | Create | Villager (Male) |
| 13:49 | Build | Farm |
| 13:49 | Build | Farm |
| 13:51 | Build | Farm |
| 14:22 | Create | Villager (Male) |
| 14:23 | Create | Villager (Male) |
| 14:30 | Research | Castle Age |
| 14:42 | Build | Mining Camp |
| 15:00 | Build | Farm |
| 15:01 | Build | Farm |
| 15:02 | Build | Farm |
| 15:02 | Build | Farm |
| 15:04 | Build | Farm |
| 15:11 | Build | Farm |
| 15:31 | Create | Villager (Male) |
| 15:41 | Research | Double-Bit Axe |
| 15:47 | Research | Stone Mining |
| 16:24 | Create | Villager (Male) |
| 16:47 | Create | Villager (Male) |
| 17:06 | Build | Barracks |
| 17:27 | Age | Castle Age |
| 18:06 | Build | Town Center |
| 18:16 | Create | Villager (Male) |
| 18:16 | Create | Villager (Male) |
| 18:41 | Create | Villager (Male) |
| 18:58 | Create | Villager (Male) |
| 18:58 | Create | Villager (Male) |
| 19:23 | Build | Stable |
| 19:57 | Create | Villager (Male) |
| 19:57 | Create | Villager (Male) |
| 19:57 | Create | Villager (Male) |
| 19:58 | Create | Villager (Male) |
| 20:04 | Create | Villager (Male) |
| 20:04 | Create | Villager (Male) |
| 20:05 | Create | Villager (Male) |
| 20:22 | Build | Farm |
| 20:22 | Build | Farm |
| 20:22 | Build | Farm |
| 20:23 | Build | Farm |
| 20:25 | Create | Knight |
| 20:25 | Create | Knight |
| 20:25 | Create | Knight |
| 20:26 | Create | Knight |
| 20:55 | Build | Stable |
| 20:58 | Create | Villager (Male) |
| 20:58 | Create | Villager (Male) |
| 20:59 | Create | Villager (Male) |
| 20:59 | Create | Villager (Male) |
| 22:44 | Create | Villager (Male) |
| 22:45 | Create | Villager (Male) |
| 22:45 | Create | Villager (Male) |
| 22:50 | Create | Villager (Male) |
| 22:50 | Create | Villager (Male) |
| 22:55 | Create | Knight |
| 23:41 | Create | Knight ×2 |
| 24:38 | Build | House |
| 24:38 | Build | House |
| 24:38 | Build | House |
| 24:38 | Build | House |
| 24:39 | Build | House |
| 24:39 | Build | House |
| 24:39 | Build | House |
| 24:50 | Build | Castle |
| 24:57 | Create | Knight ×3 |
| 25:00 | Create | Villager (Male) |
| 25:01 | Create | Villager (Male) |
| 25:02 | Create | Villager (Male) |
| 25:03 | Create | Villager (Male) |
| 25:16 | Build | Town Center |
| 25:39 | Research | Gold Mining |
| 25:45 | Create | Villager (Male) |
| 25:45 | Create | Villager (Male) |
| 25:49 | Create | Villager (Male) |
| 25:49 | Create | Villager (Male) |
| 25:53 | Build | Farm |
| 25:53 | Build | Farm |
| 25:54 | Build | Farm |
| 25:54 | Build | Farm |
| 25:55 | Build | Farm |
| 25:55 | Build | Farm |
| 26:09 | Build | Stable |
| 26:11 | Build | Stable |
| 26:25 | Research | Gold Shaft Mining |
| 26:34 | Create | Villager (Male) |
| 26:35 | Create | Villager (Male) |
| 26:39 | Create | Villager (Male) |
| 26:40 | Create | Villager (Male) |
| 26:40 | Create | Villager (Male) |
| 26:47 | Build | Farm |
| 26:50 | Build | House |
| 26:51 | Build | House |
| 26:51 | Build | House |
| 26:51 | Build | House |
| 26:51 | Build | House |
| 26:52 | Build | House |
| 27:02 | Create | Villager (Male) |
| 27:02 | Create | Villager (Male) |
| 27:26 | Research | Husbandry |
| 27:54 | Research | Imperial Age |
| 28:03 | Create | Villager (Male) |
| 28:04 | Create | Villager (Male) |
| 28:04 | Create | Villager (Male) |
Build order — Templario_123_1
First 150 of 1572 actions detected
| 0:01 | Research | Loom |
| 0:02 | Research | Loom |
| 0:05 | Build | House |
| 0:09 | Build | House |
| 1:13 | Create | Villager (Male) |
| 2:02 | Build | Lumber Camp |
| 2:04 | Create | Villager (Male) |
| 2:25 | Create | Villager (Male) |
| 2:55 | Create | Villager (Male) |
| 3:08 | Create | Villager (Male) |
| 3:35 | Create | Villager (Male) |
| 3:59 | Create | Villager (Male) |
| 4:15 | Build | House |
| 4:29 | Create | Villager (Male) |
| 5:01 | Build | Mill |
| 5:09 | Create | Villager (Male) |
| 5:10 | Create | Villager (Male) |
| 5:44 | Create | Villager (Male) |
| 6:04 | Build | Mining Camp |
| 6:07 | Create | Villager (Male) |
| 6:30 | Build | Farm |
| 6:33 | Create | Villager (Male) |
| 6:45 | Create | Villager (Male) |
| 6:54 | Build | Farm |
| 7:03 | Create | Villager (Male) |
| 7:56 | Create | Villager (Male) |
| 8:09 | Create | Villager (Male) |
| 8:33 | Build | Farm |
| 8:37 | Create | Villager (Male) |
| 8:38 | Create | Villager (Male) |
| 8:59 | Build | Farm |
| 9:23 | Build | Farm |
| 9:31 | Create | Villager (Male) |
| 9:51 | Build | Farm |
| 10:05 | Create | Villager (Male) |
| 10:39 | Build | Farm |
| 10:44 | Research | Feudal Age |
| 10:58 | Build | House |
| 11:02 | Build | House |
| 11:17 | Create | Villager (Male) |
| 12:21 | Build | Farm |
| 12:33 | Build | Mining Camp |
| 12:54 | Age | Feudal Age |
| 13:01 | Build | Market |
| 13:08 | Build | Blacksmith |
| 13:19 | Create | Villager (Male) |
| 13:44 | Create | Villager (Male) |
| 14:12 | Research | Castle Age |
| 14:22 | Create | Villager (Male) |
| 14:50 | Research | Double-Bit Axe |
| 15:03 | Research | Horse Collar |
| 15:18 | Create | Villager (Male) |
| 15:31 | Build | Farm |
| 15:49 | Research | Gold Mining |
| 16:52 | Age | Castle Age |
| 16:55 | Build | Town Center |
| 17:25 | Build | Siege Workshop |
| 17:55 | Build | Gate |
| 18:02 | Build | Stone Wall |
| 18:08 | Build | Stone Wall |
| 18:13 | Build | Stone Wall |
| 18:22 | Create | Villager (Male) |
| 18:25 | Create | Villager (Male) |
| 18:44 | Create | Villager (Male) |
| 18:44 | Create | Villager (Male) |
| 18:45 | Create | Villager (Male) |
| 19:18 | Build | Farm |
| 19:21 | Build | Farm |
| 19:29 | Create | Villager (Male) |
| 19:46 | Build | Watch Tower |
| 19:58 | Create | Iron Pagoda |
| 20:11 | Create | Villager (Male) |
| 20:11 | Create | Villager (Male) |
| 21:14 | Build | Farm |
| 21:16 | Create | Villager (Male) |
| 21:18 | Create | Villager (Male) |
| 21:19 | Create | Villager (Male) |
| 21:34 | Build | Town Center |
| 22:01 | Research | Wheelbarrow |
| 22:16 | Build | Town Center |
| 22:31 | Create | Villager (Male) |
| 22:39 | Research | Bow Saw |
| 23:03 | Create | Villager (Male) |
| 23:14 | Create | Iron Pagoda |
| 23:26 | Create | Villager (Male) |
| 23:27 | Create | Villager (Male) |
| 23:27 | Create | Villager (Male) |
| 23:27 | Create | Villager (Male) |
| 23:28 | Create | Villager (Male) |
| 23:28 | Create | Villager (Male) |
| 23:29 | Create | Villager (Male) |
| 23:49 | Build | University |
| 23:51 | Create | Villager (Male) |
| 23:58 | Create | Villager (Male) |
| 24:03 | Create | Villager (Male) |
| 24:23 | Create | Villager (Male) |
| 24:30 | Create | Villager (Male) |
| 24:34 | Create | Villager (Male) |
| 24:36 | Create | Villager (Male) |
| 24:38 | Create | Villager (Male) |
| 24:39 | Create | Villager (Male) |
| 24:55 | Research | Heavy Plow |
| 25:15 | Build | Farm |
| 25:17 | Create | Villager (Male) |
| 25:30 | Build | Farm |
| 25:38 | Build | Farm |
| 25:48 | Create | Villager (Male) |
| 25:53 | Research | Stone Mining |
| 26:00 | Build | Farm |
| 26:06 | Create | Villager (Male) |
| 26:13 | Create | Villager (Male) |
| 26:14 | Create | Villager (Male) |
| 26:14 | Create | Villager (Male) |
| 26:38 | Create | Villager (Male) |
| 26:46 | Build | Farm |
| 26:48 | Create | Villager (Male) |
| 26:59 | Create | Villager (Male) |
| 27:11 | Build | Castle |
| 27:22 | Create | Villager (Male) |
| 27:25 | Create | Villager (Male) |
| 27:35 | Create | Villager (Male) |
| 27:40 | Build | Farm |
| 27:49 | Create | Villager (Male) |
| 27:49 | Create | Villager (Male) |
| 27:50 | Create | Villager (Male) |
| 27:50 | Create | Villager (Male) |
| 28:27 | Create | Villager (Male) |
| 28:29 | Create | Villager (Male) |
| 28:34 | Create | Villager (Male) |
| 28:36 | Build | Farm |
| 29:07 | Build | Farm |
| 29:15 | Build | Farm |
| 29:18 | Create | Villager (Male) |
| 29:39 | Research | Imperial Age |
| 29:41 | Research | Hand Cart |
| 29:46 | Research | Padded Archer Armor |
| 29:46 | Research | Fletching |
| 29:51 | Research | Ballistics |
| 29:54 | Create | Villager (Male) |
| 29:55 | Create | Villager (Male) |
| 29:55 | Create | Villager (Male) |
| 30:09 | Build | Mill |
| 30:12 | Create | Villager (Male) |
| 30:17 | Build | Farm |
| 30:20 | Create | Villager (Male) |
| 30:20 | Create | Villager (Male) |
| 30:21 | Create | Villager (Male) |
| 30:25 | Create | Villager (Male) |
| 30:33 | Build | Mining Camp |
| 30:51 | Build | Siege Workshop |
Build order — L
First 150 of 1443 actions detected
| 0:03 | Create | Villager (Male) |
| 0:04 | Create | Villager (Male) |
| 0:04 | Create | Villager (Male) |
| 0:05 | Build | House |
| 0:06 | Build | House |
| 0:22 | Create | Villager (Male) |
| 1:29 | Create | Villager (Male) |
| 1:29 | Create | Villager (Male) |
| 2:01 | Create | Villager (Male) |
| 2:01 | Create | Villager (Male) |
| 2:15 | Create | Villager (Male) |
| 2:16 | Create | Villager (Male) |
| 2:51 | Create | Villager (Male) |
| 2:51 | Create | Villager (Male) |
| 3:06 | Build | Lumber Camp |
| 3:08 | Create | Villager (Male) |
| 3:39 | Create | Villager (Male) |
| 3:43 | Create | Villager (Male) |
| 3:53 | Create | Villager (Male) |
| 3:54 | Create | Villager (Male) |
| 4:11 | Build | House |
| 4:22 | Create | Villager (Male) |
| 4:23 | Create | Villager (Male) |
| 4:38 | Create | Villager (Male) |
| 4:38 | Create | Villager (Male) |
| 4:59 | Build | House |
| 5:02 | Create | Villager (Male) |
| 5:02 | Create | Villager (Male) |
| 5:10 | Create | Villager (Male) |
| 5:10 | Create | Villager (Male) |
| 5:28 | Create | Villager (Male) |
| 5:29 | Create | Villager (Male) |
| 6:14 | Create | Villager (Male) |
| 6:22 | Build | Mill |
| 6:26 | Create | Villager (Male) |
| 6:33 | Create | Villager (Male) |
| 6:59 | Build | Lumber Camp |
| 7:21 | Create | Villager (Male) |
| 8:09 | Build | Mining Camp |
| 8:19 | Build | House |
| 8:55 | Build | Mining Camp |
| 9:15 | Research | Feudal Age |
| 9:55 | Build | Farm |
| 10:01 | Build | House |
| 10:13 | Create | Villager (Male) |
| 10:21 | Create | Villager (Male) |
| 10:43 | Build | Farm |
| 10:43 | Build | Farm |
| 10:45 | Build | Farm |
| 11:25 | Age | Feudal Age |
| 11:32 | Build | Blacksmith |
| 11:48 | Create | Villager (Male) |
| 12:42 | Build | Market |
| 12:53 | Build | Market |
| 13:03 | Create | Villager (Male) |
| 13:04 | Create | Villager (Male) |
| 13:08 | Research | Loom |
| 13:57 | Research | Castle Age |
| 14:17 | Research | Double-Bit Axe |
| 14:18 | Research | Horse Collar |
| 14:43 | Build | Farm |
| 14:43 | Build | Farm |
| 14:44 | Build | Farm |
| 15:30 | Create | Villager (Male) |
| 16:12 | Create | Villager (Male) |
| 16:16 | Create | Villager (Male) |
| 16:37 | Age | Castle Age |
| 16:44 | Build | Town Center |
| 16:47 | Create | Villager (Male) |
| 17:10 | Build | Castle |
| 17:40 | Build | Town Center |
| 17:49 | Create | Villager (Male) |
| 17:49 | Create | Villager (Male) |
| 18:14 | Build | Town Center |
| 18:15 | Create | Villager (Male) |
| 18:21 | Build | Farm |
| 18:27 | Create | Villager (Male) |
| 18:29 | Create | Villager (Male) |
| 18:29 | Create | Villager (Male) |
| 18:36 | Create | Villager (Male) |
| 18:54 | Create | Villager (Male) |
| 18:56 | Build | Farm |
| 19:04 | Create | Villager (Male) |
| 19:09 | Build | Farm |
| 19:13 | Build | Farm |
| 19:16 | Create | Villager (Male) |
| 19:20 | Build | Farm |
| 19:39 | Build | Barracks |
| 19:44 | Build | Barracks |
| 19:49 | Create | Berserk |
| 20:02 | Build | Gate |
| 20:23 | Create | Berserk |
| 20:58 | Create | Militia |
| 21:01 | Research | Gambesons |
| 21:13 | Create | Villager (Male) |
| 21:31 | Create | Militia |
| 21:41 | Build | Archery Range |
| 21:42 | Create | Villager (Male) |
| 22:10 | Create | Archer |
| 22:10 | Create | Archer |
| 22:21 | Create | Villager (Male) |
| 22:30 | Create | Archer |
| 22:40 | Create | Villager (Male) |
| 22:47 | Create | Villager (Male) |
| 22:47 | Create | Villager (Male) |
| 22:49 | Create | Villager (Male) |
| 22:50 | Create | Villager (Male) |
| 22:50 | Create | Villager (Male) |
| 23:11 | Create | Villager (Male) |
| 24:15 | Build | Town Center |
| 24:28 | Create | Archer |
| 24:31 | Create | Archer |
| 24:31 | Create | Villager (Male) |
| 24:40 | Create | Archer |
| 24:50 | Create | Villager (Male) |
| 25:24 | Build | House |
| 25:33 | Create | Archer |
| 25:37 | Create | Archer |
| 25:43 | Build | Archery Range |
| 25:48 | Create | Archer |
| 26:37 | Build | Castle |
| 27:40 | Build | Farm |
| 27:40 | Build | Farm |
| 27:41 | Build | Farm |
| 27:41 | Build | Farm |
| 27:41 | Build | Farm |
| 27:41 | Build | Farm |
| 27:42 | Build | Farm |
| 28:05 | Build | Mill |
| 28:05 | Build | Farm |
| 28:06 | Build | Farm |
| 28:06 | Build | Farm |
| 28:06 | Build | Farm |
| 28:06 | Build | Farm |
| 28:07 | Build | Farm |
| 28:22 | Build | House |
| 28:25 | Build | House |
| 28:26 | Build | House |
| 28:30 | Create | Villager (Male) |
| 28:30 | Create | Villager (Male) |
| 28:56 | Build | Town Center |
| 29:14 | Build | Farm |
| 29:15 | Build | Farm |
| 29:29 | Create | Villager (Male) |
| 29:31 | Create | Villager (Male) |
| 29:42 | Create | Villager (Male) |
| 29:42 | Create | Villager (Male) |
| 29:52 | Build | Farm |
| 29:52 | Build | Farm |
| 29:52 | Build | Farm |
Match timeline
| 9:04 | SNES · first_building Barracks |
| 9:59 | Shido Khan · first_building Barracks |
| 10:59 | SNES · age_up feudal |
| 11:04 | leocancer8767 · age_up feudal |
| 11:25 | L · age_up feudal |
| 11:27 | SNES · first_building Stable |
| 11:37 | Aldo- · age_up feudal |
| 11:42 | leocancer8767 · first_building Barracks |
| 11:47 | X · age_up feudal |
| 12:07 | Shido Khan · age_up feudal |
| 12:37 | Wala · age_up feudal |
| 12:54 | Templario_123_1 · age_up feudal |
| 15:16 | leocancer8767 · first_building Siege Workshop |
| 16:12 | Aldo- · age_up castle |
| 16:16 | Shido Khan · first_building Stable |
| 16:37 | L · age_up castle |
| 16:39 | SNES · age_up castle |
| 16:52 | Templario_123_1 · age_up castle |
| 16:57 | Aldo- · first_building Castle |
| 17:06 | Wala · first_building Barracks |
| 17:10 | L · first_building Castle |
| 17:15 | Templario_123_1 · first_market_buy 100 stone |
| 17:25 | Templario_123_1 · first_building Siege Workshop |
| 17:27 | Wala · age_up castle |
| 18:02 | Templario_123_1 · wall_segment Stone Wall x5 |
| 18:08 | Templario_123_1 · wall_segment Stone Wall x1 |
| 18:09 | Aldo- · first_building Siege Workshop |
| 18:13 | Templario_123_1 · wall_segment Stone Wall x1 |
| 18:48 | Templario_123_1 · first_market_sell 100 wood |
| 19:08 | Shido Khan · age_up castle |
| 19:12 | Shido Khan · first_building Monastery |
| 19:23 | Wala · first_building Stable |
| 19:38 | X · age_up castle |
| 19:39 | L · first_building Barracks |
| 19:57 | Shido Khan · first_building Castle |
| 20:20 | X · first_building Barracks |
| 21:20 | Aldo- · first_building Stable |
| 21:28 | X · first_building Stable |
| 21:41 | L · first_building Archery Range |
| 22:45 | SNES · first_building Castle |
| 24:50 | Wala · first_building Castle |
| 25:15 | SNES · first_building Archery Range |
| 26:40 | leocancer8767 · age_up castle |
| 26:42 | Shido Khan · age_up imperial |
| 27:11 | Templario_123_1 · first_building Castle |
| 27:43 | Wala · first_market_sell 100 wood |
| 30:39 | X · first_building Siege Workshop |
| 31:03 | Templario_123_1 · first_building Barracks |
| 31:06 | Wala · age_up imperial |
| 31:46 | X · first_building Castle |
| 31:55 | Wala · first_market_buy 100 wood |
| 32:24 | X · tribute_sent a jugador 1 |
| 32:24 | X · tribute_sent a jugador 2 |
| 32:24 | X · tribute_sent a jugador 3 |
| 32:24 | X · tribute_sent a jugador 5 |
| 32:24 | X · tribute_sent a jugador 6 |
| 32:24 | X · tribute_sent a jugador 7 |
| 32:24 | X · tribute_sent a jugador 8 |
| 32:45 | L · first_building Siege Workshop |
| 32:49 | Templario_123_1 · age_up imperial |
| 33:32 | Templario_123_1 · wall_segment Stone Wall x6 |
| 33:32 | Aldo- · first_building Archery Range |
| 33:54 | Shido Khan · first_building Archery Range |
| 34:26 | Templario_123_1 · first_building Stable |
| 35:31 | Aldo- · age_up imperial |
| 37:24 | SNES · first_building Monastery |
| 37:45 | Templario_123_1 · wall_segment Stone Wall x1 |
| 37:51 | X · age_up imperial |
| 37:51 | Shido Khan · first_market_sell 500 wood |
| 39:32 | SNES · age_up imperial |
| 41:12 | L · age_up imperial |
| 41:56 | Aldo- · first_market_sell 100 wood |
| 45:33 | leocancer8767 · first_building Castle |
| 46:36 | X · first_building Monastery |
| 46:40 | SNES · tribute_sent a jugador 2 |
| 46:40 | SNES · tribute_sent a jugador 3 |
| 46:40 | SNES · tribute_sent a jugador 4 |
| 46:40 | SNES · tribute_sent a jugador 5 |
| 46:40 | SNES · tribute_sent a jugador 6 |
| 46:40 | SNES · tribute_sent a jugador 7 |
| 46:40 | SNES · tribute_sent a jugador 8 |
| 47:04 | leocancer8767 · age_up imperial |
| 47:05 | leocancer8767 · tribute_sent a jugador 1 |
| 47:05 | leocancer8767 · tribute_sent a jugador 2 |
| 47:05 | leocancer8767 · tribute_sent a jugador 3 |
| 47:05 | leocancer8767 · tribute_sent a jugador 4 |
| 47:05 | leocancer8767 · tribute_sent a jugador 6 |
| 47:05 | leocancer8767 · tribute_sent a jugador 7 |
| 47:05 | leocancer8767 · tribute_sent a jugador 8 |
| 50:08 | SNES · first_building Siege Workshop |
| 51:40 | Shido Khan · first_building Siege Workshop |
| 53:32 | L · tribute_sent a jugador 1 |
| 53:32 | L · tribute_sent a jugador 2 |
| 53:32 | L · tribute_sent a jugador 3 |
| 53:32 | L · tribute_sent a jugador 4 |
| 53:32 | L · tribute_sent a jugador 5 |
| 53:32 | L · tribute_sent a jugador 6 |
| 53:32 | L · tribute_sent a jugador 7 |
| 53:55 | leocancer8767 · first_building Stable |
| 53:57 | SNES · first_market_buy 100 stone |
| 56:47 | L · first_market_sell 100 wood |
| 57:01 | X · first_market_sell 100 stone |
| 57:27 | L · tribute_sent a jugador 1 |
| 57:27 | L · tribute_sent a jugador 2 |
| 57:27 | L · tribute_sent a jugador 3 |
| 57:27 | L · tribute_sent a jugador 4 |
| 57:27 | L · tribute_sent a jugador 5 |
| 57:27 | L · tribute_sent a jugador 6 |
| 57:27 | L · tribute_sent a jugador 7 |
| 58:29 | Shido Khan · wall_segment Stone Wall x1 |
| 63:49 | L · first_building Monastery |
| 66:23 | L · tribute_sent a jugador 1 |
| 66:23 | L · tribute_sent a jugador 2 |
| 66:23 | L · tribute_sent a jugador 3 |
| 66:23 | L · tribute_sent a jugador 4 |
| 66:23 | L · tribute_sent a jugador 5 |
| 66:23 | L · tribute_sent a jugador 6 |
| 66:23 | L · tribute_sent a jugador 7 |
| 72:49 | Shido Khan · wall_segment Stone Wall x1 |
| 72:56 | Shido Khan · wall_segment Stone Wall x1 |
| 75:10 | SNES · first_market_sell 100 food |
| 76:59 | L · tribute_sent a jugador 1 |
| 76:59 | L · tribute_sent a jugador 2 |
| 76:59 | L · tribute_sent a jugador 3 |
| 76:59 | L · tribute_sent a jugador 4 |
| 76:59 | L · tribute_sent a jugador 5 |
| 76:59 | L · tribute_sent a jugador 6 |
| 76:59 | L · tribute_sent a jugador 7 |
| 77:05 | leocancer8767 · first_building Monastery |
| 77:47 | leocancer8767 · first_market_sell 500 food |
| 77:50 | Shido Khan · first_market_buy 100 stone |
| 82:31 | Aldo- · first_building Barracks |
| 83:27 | X · wall_segment Stone Wall x20 |
| 84:53 | L · tribute_sent a jugador 1 |
| 84:53 | L · tribute_sent a jugador 2 |
| 84:53 | L · tribute_sent a jugador 3 |
| 84:53 | L · tribute_sent a jugador 4 |
| 84:53 | L · tribute_sent a jugador 5 |
| 84:53 | L · tribute_sent a jugador 6 |
| 84:53 | L · tribute_sent a jugador 7 |
| 86:23 | L · tribute_sent a jugador 1 |
| 86:23 | L · tribute_sent a jugador 2 |
| 86:23 | L · tribute_sent a jugador 3 |
| 86:23 | L · tribute_sent a jugador 4 |
| 86:23 | L · tribute_sent a jugador 5 |
| 86:23 | L · tribute_sent a jugador 6 |
| 86:23 | L · tribute_sent a jugador 7 |
| 87:51 | L · tribute_sent a jugador 1 |
| 87:51 | L · tribute_sent a jugador 2 |
| 87:51 | L · tribute_sent a jugador 3 |
| 87:51 | L · tribute_sent a jugador 4 |
| 87:51 | L · tribute_sent a jugador 5 |
| 87:51 | L · tribute_sent a jugador 6 |
| 87:51 | L · tribute_sent a jugador 7 |
| 90:32 | X · tribute_sent a jugador 1 |
| 90:32 | X · tribute_sent a jugador 2 |
| 90:32 | X · tribute_sent a jugador 3 |
| 90:32 | X · tribute_sent a jugador 5 |
| 90:32 | X · tribute_sent a jugador 6 |
| 90:32 | X · tribute_sent a jugador 7 |
| 90:32 | X · tribute_sent a jugador 8 |
| 90:47 | L · tribute_sent a jugador 1 |
| 90:47 | L · tribute_sent a jugador 2 |
| 90:47 | L · tribute_sent a jugador 3 |
| 90:47 | L · tribute_sent a jugador 4 |
| 90:47 | L · tribute_sent a jugador 5 |
| 90:47 | L · tribute_sent a jugador 6 |
| 90:47 | L · tribute_sent a jugador 7 |
| 93:04 | L · tribute_sent a jugador 1 |
| 93:04 | L · tribute_sent a jugador 2 |
| 93:04 | L · tribute_sent a jugador 3 |
| 93:04 | L · tribute_sent a jugador 4 |
| 93:04 | L · tribute_sent a jugador 5 |
| 93:04 | L · tribute_sent a jugador 6 |
| 93:04 | L · tribute_sent a jugador 7 |
| 97:46 | L · tribute_sent a jugador 1 |
| 97:46 | L · tribute_sent a jugador 2 |
| 97:46 | L · tribute_sent a jugador 3 |
| 97:46 | L · tribute_sent a jugador 4 |
| 97:46 | L · tribute_sent a jugador 5 |
| 97:46 | L · tribute_sent a jugador 6 |
| 97:46 | L · tribute_sent a jugador 7 |
| 100:52 | SNES · wall_segment Stone Wall x21 |
| 101:29 | L · tribute_sent a jugador 1 |
| 101:29 | L · tribute_sent a jugador 2 |
| 101:29 | L · tribute_sent a jugador 3 |
| 101:29 | L · tribute_sent a jugador 4 |
| 101:29 | L · tribute_sent a jugador 5 |
| 101:29 | L · tribute_sent a jugador 6 |
| 101:29 | L · tribute_sent a jugador 7 |
| 102:01 | Shido Khan · resign |
| 107:04 | L · tribute_sent a jugador 1 |
| 107:04 | L · tribute_sent a jugador 2 |
| 107:04 | L · tribute_sent a jugador 3 |
| 107:04 | L · tribute_sent a jugador 4 |
| 107:04 | L · tribute_sent a jugador 5 |
| 107:04 | L · tribute_sent a jugador 6 |
| 107:04 | L · tribute_sent a jugador 7 |
[ AI ANALYSIS · 1 CREDIT ]
What really happened in this match?
Wolo.gg analyzes every decision: build order, eco, micro, common mistakes by bracket. Personalized analysis on WhatsApp or Discord in 30 seconds.
Civ guide
Khmer
Map guide
Arena
Perfil
Aldo-